 Dungeon Crawl Stone Soup version 0.25.1-2-g60ff931df9 (webtiles) character file.

Game seed: 18442825920876286920

1358 gruber the Martial Artist (level 8, -2/48 HPs)
             Began as an Octopode Transmuter on Oct 22, 2020.
             Slain by a phantom (4 damage)
             ... on level 5 of the Dungeon.
             The game lasted 00:06:42 (5424 turns).

gruber the Martial Artist (Octopode Transmuter)     Turns: 5424, Time: 00:06:43

Health: -2/48      AC:  1    Str:  9    XL:     8   Next: 64%
Magic:  7/14       EV: 13    Int: 17    God:
Gold:   298        SH:  0    Dex: 13    Spells: 9/15 levels left

rFire    . . .     SeeInvis .     - Unarmed
rCold    . . .     Gourm    .   (no shield)
rNeg     . . .     Faith    .   (helmet restricted)
rPois    .         Spirit   .   (no amulet)
rElec    .         Reflect  .   i - ring of flight
rCorr    .         Harm     .   f - ring of stealth
MR       .....                  (no ring)
Stlth    +++.......             (no ring)
HPRegen  0.56/turn              (no ring)
MPRegen  0.14/turn              (no ring)
                                (no ring)
                                (no ring)

@: appendage, very slightly contaminated
A: almost no armour, stealthy swim, amphibious, 8 rings, constrict 8, tentacle
spike 3, camouflage 1, regeneration 1, wild magic 1, gelatinous body 1,
MP-powered wands
a: End Transformation, Evoke Flight


You were on level 5 of the Dungeon.
You were hungry.
One of your tentacles had a temporary spike.
You visited 2 branches of the dungeon, and saw 6 of its levels.

You collected 298 gold pieces.

Inventory:

Missiles
 a - 31 arrows
 h - a throwing net (quivered)
Jewellery
 f - a ring of stealth (right tentacle)
 i - a ring of flight (left tentacle)
Wands
 o - a wand of paralysis (11)
 u - a wand of polymorph (8)
Scrolls
 b - 6 scrolls of identify {unknown}
 e - a scroll of amnesia {unknown}
 g - 3 scrolls of enchant weapon {unknown}
 j - 7 scrolls of teleportation {unknown}
 k - 3 scrolls of remove curse {unknown}
 p - 3 scrolls of noise {unknown}
 r - a scroll of fear {unknown}
 s - a scroll of blinking {unknown}
Potions
 d - a potion of cancellation {unknown}
 l - a potion of berserk rage {unknown}
 n - a potion of flight {unknown}
 q - a potion of curing {unknown}
 t - a potion of degeneration {unknown}
Comestibles
 c - 4 rations
 m - 6 chunks of flesh


   Skills:
 - Level 1.0 Fighting
 - Level 2.0 Dodging
 * Level 8.4 Unarmed Combat
 - Level 4.1 Spellcasting
 - Level 5.3 Transmutations
 - Level 2.0 Poison Magic


You had 9 spell levels left.
You knew the following spells:

 Your Spells              Type           Power        Failure   Level  Hunger
a - Beastly Appendage     Tmut           ####..       3%          1    None
b - Sticks to Snakes      Tmut           ####....     4%          2    ##.....
c - Spider Form           Tmut/Pois      ###.......   16%         3    ###....

Your spell library contained the following spells:

 Spells                   Type           Power        Failure   Level  Hunger
 Animate Skeleton         Necr           N/A          22%         1    None
 Pain                     Necr           #...         22%         1    None
 Vampiric Draining        Necr           #.........   52%         3    ###....
 Ice Form                 Ice/Tmut       ###.....     54%         4    ####...
 Blade Hands              Tmut           ####......   54%         5    ######.
 Animate Dead             Necr           N/A          88%         4    ####...
 Agony                    Necr           #.......     99%         5    ######.


Dungeon Overview and Level Annotations

Branches:
Dungeon (5/15)             Temple (1/1) D:4

Altars:
Ashenzari
Cheibriados
Dithmenos
Fedhas
Gozag
Hepliaklqana
Kikubaaqudgha
Makhleb
Nemelex Xobeh
Okawaru
Qazlal
Ru
Uskayaw
Wu Jian
Yredelemnul
Zin
The Shining One


Innate Abilities, Weirdness & Mutations

You cannot wear most types of armour.
You are very stealthy in the water. (Stealth+)
You are amphibious.
You can wear up to eight rings at the same time.
You can use your tentacles to constrict eight enemies at once.
Your skin changes colour to match your surroundings (Stealth+).
Your rubbery body absorbs attacks. (AC +1, EV +1)
One of your tentacles bears a large vicious spike.
Your natural rate of healing is unusually fast.
Your spells are a little harder to cast, but a little more powerful.
You expend magic power (3 MP) to strengthen your wands.


Message History

The phantom is almost destroyed.
The phantom hits you but does no damage.
You tentacle-slap the phantom.
The phantom is almost destroyed.
The phantom hits you!
The gnoll hits you from afar with a +0 spear.
Casting: Beastly Appendage (safe; 3% risk of failure)
Confirm with . or Enter, or press ? or * to list all spells.
You create a snake!
You now have 32 arrows.
The phantom hits you!
* * * LOW HITPOINT WARNING * * *
The gnoll hits you from afar with a +0 spear!
* * * LOW HITPOINT WARNING * * *
Unknown command.
Unknown command.
Casting: Sticks to Snakes (safe; 4% risk of failure)
Confirm with . or Enter, or press ? or * to list all spells.
You create a snake!
You now have 31 arrows.
You are feeling hungry.
The phantom hits you.
You die...

### ... ### ####
..# #g# #W# #@#
######## #S#
#......#
##S#####......#####
+..................
##+#####......#....
##....##....
#....###'## #....#
#..# ###### ##.#


You could see a phantom, a gnoll, a friendly adder and a friendly ball python.

Vanquished Creatures
  Grinder (D:3)
  An ice beast (D:4)
  3 ogres
  2 centaurs (D:5)
  5 orc priests
  Crazy Yiuf (D:3)
  A bullfrog skeleton (D:5)
  An orc wizard (D:3)
  2 iguanas
  6 worker ants
  7 adders
  3 oozes
  An adder skeleton (D:4)
  5 worms
  2 dart slugs
  3 leopard geckos
  14 orcs
  3 bats
  3 giant cockroaches
  5 goblins
  3 hobgoblins
  12 jackals
  7 kobolds
  2 quokkas (D:3)
  4 frilled lizards
  A quokka skeleton (D:5)
  7 rats
105 creatures vanquished.

Vanquished Creatures (collateral kills)
  A jelly (D:5)
  An orc priest (D:5)
  An adder (D:4)
3 creatures vanquished.

Grand Total: 108 creatures vanquished

Notes
Turn   | Place    | Note
-------+----------+-------------------------------------------
     0 | D:1      | gruber the Octopode Transmuter began the quest for the Orb.
     0 | D:1      | Reached XP level 1. HP: 13/13 MP: 3/3
   518 | D:1      | Reached XP level 2. HP: 14/18 MP: 3/5
   533 | D:1      | Learned a level 2 spell: Sticks to Snakes
   874 | D:1      | Reached skill level 4 in Unarmed Combat
  1171 | D:2      | Reached XP level 3. HP: 8/23 MP: 4/6
  1749 | D:2      | Gained mutation: You expend magic power (3 MP) to
                  | strengthen your wands. [potion of mutation]
  1749 | D:2      | Gained mutation: Your spells are a little harder to cast,
                  | but a little more powerful. [potion of mutation]
  1749 | D:2      | Gained mutation: Your natural rate of healing is unusually
                  | fast. [potion of mutation]
  1856 | D:2      | Reached XP level 4. HP: 25/28 MP: 7/7
  2054 | D:2      | Learned a level 3 spell: Spider Form
  2308 | D:2      | Reached skill level 5 in Unarmed Combat
  2347 | D:3      | Found an opulent altar of Gozag.
  2423 | D:3      | Reached XP level 5. HP: 31/33 MP: 6/8
  2835 | D:3      | Noticed Grinder
  2851 | D:3      | Killed Grinder
  2851 | D:3      | Reached skill level 5 in Transmutations
  2851 | D:3      | Reached XP level 6. HP: 17/38 MP: 3/9
  3160 | D:3      | Found a runed translucent door.
  3161 | D:3      | Noticed Crazy Yiuf
  3171 | D:3      | Killed Crazy Yiuf
  3171 | D:3      | Reached XP level 7. HP: 43/43 MP: 6/10
  3270 | D:4      | Found a staircase to the Ecumenical Temple.
  3406 | Temple   | Entered the Ecumenical Temple
  3515 | D:4      | Found a sparkling altar of Nemelex Xobeh.
  4265 | D:4      | Found an opulent altar of Gozag.
  4485 | D:5      | Entered Level 5 of the Dungeon
  4591 | D:5      | Reached skill level 6 in Unarmed Combat
  4743 | D:5      | Reached XP level 8. HP: 41/48 MP: 10/14
  4847 | D:5      | Reached skill level 7 in Unarmed Combat
  5133 | D:5      | Reached skill level 8 in Unarmed Combat
  5423 | D:5      | HP: 1/48 [gnoll/+0 spear (8)]
  5424 | D:5      | Slain by a phantom

Illustrated notes

Levels and vault maps discovered:
D:1:      wander_arrival_peaceful_grave, layout_basic, minmay_pentomino_o2
D:2:      layout_loops_ring, minmay_misc_feat_enclosed
D:3:      layout_basic, skrybe_limestone_x,
          nicolae_gozag_cash_rules_everything_around_me, uniq_grinder,
          uniq_crazy_yiuf_cottage
D:4:      layout_basic, nemelex_xobeh_ov_fountains_minmay,
          minmay_temple_entry_mini_moons, lemuel_statue_altar
D:5:      layout_basic, first_ration, minmay_diced_spiral
Temple:   compressed_dpeg_circular_temple

Skill      XL: |  1  2  3  4  5  6  7  8 |
---------------+-------------------------+-----
Unarmed Combat | 4 5 6 8 |  8.4
Transmutations | 5 |  5.3
Poison Magic   | 2 |  2.0
Spellcasting   | 4 |  4.1
Fighting       | |  1.0
Dodging        | |  2.0

Action                   |  1- 3 |  4- 6 |  7- 9 || total
-------------------------+-------+-------+-------++-------
Melee: Unarmed           |    63 |   115 |   150 ||   328
       Constrict         |    15 |    24 |     8 ||    47
       Punch             |     2 |     2 |     1 ||     5
       Tentacles         |     5 |     9 |     6 ||    20
       Kick              |     7 |    12 |     1 ||    20
 Cast: Beastly Appendage |     6 |     7 |     2 ||    15
       Sticks to Snakes  |     2 |       |    14 ||    16
       Spider Form       |       |     3 |    17 ||    20
  Use: Potion            |     1 |       |       ||     1
 Stab: Sleeping          |     5 |     6 |     6 ||    17
       Distracted        |       |     1 |       ||     1
  Eat: Chunk             |     2 |     6 |     9 ||    17
Armor: Skin              |     2 |     5 |     6 ||    13
Dodge: Dodged            |    30 |    70 |    94 ||   194
